 Dungeon Crawl Stone Soup version 0.28-a0-1032-ga8db75c868 (webtiles) character file.

Game seed: 12596228857294491758

268 MordorOrchid the Covert (level 6, -1/53 HPs)
             Began as a Gnoll Delver on Dec 7, 2021.
             Slain by a hound skeleton (3 damage)
             ... on level 4 of the Dungeon.
             The game lasted 00:05:18 (787 turns).

MordorOrchid the Covert (Gnoll Delver)               Turns: 787, Time: 00:05:18

Health: -1/53      AC:  5    Str: 11      XL:     6   Next: 21%
Magic:  8/8        EV: 12    Int: 11 (12) God:
Gold:   117        SH:  0    Dex: 13      Spells: 8/8 levels left

rFire   . . .      SeeInvis .   a - +0 falchion
rCold   . . .      Faith    .   (no shield)
rNeg    . . .      Spirit   .   t - +0 ring mail
rPois   .          Reflect  .   (no helmet)
rElec   .          Harm     .   (no cloak)
rCorr   +          Rampage  .   (no gloves)
Will    .....                   (no boots)
Stlth   ++++......              (no amulet)
HPRegen 0.17/turn               o - ring of resist corrosion
MPRegen 0.11/turn               (no ring)

@: no status effects
A: fangs 1, strong nose, distributed training
a: no special abilities


You were on level 4 of the Dungeon.
You visited 1 branch of the dungeon, and saw 4 of its levels.

You collected 117 gold pieces.

Inventory:

Hand Weapons
 a - a +0 falchion (weapon)
 u - a +0 trident
 y - a +0 rapier
Missiles
 j - 61 stones (quivered)
 k - 9 arrows
Armour
 b - a +0 leather armour
 f - a +0 scale mail
 t - a +0 ring mail (worn)
Jewellery
 o - a ring of resist corrosion (left hand)
Wands
 g - a wand of digging (2)
Scrolls
 c - 2 scrolls of fog
 d - a scroll of magic mapping
 e - a scroll of fear
 h - a scroll of amnesia {unknown}
 i - a scroll of immolation {unknown}
 m - a scroll of brand weapon {unknown}
 n - a scroll of summoning {unknown}
 r - a scroll of enchant armour {unknown}
 s - a scroll of identify {unknown}
Potions
 l - a potion of flight


   Skills:
 + Level 6.8 Fighting
 + Level 1.8 Short Blades
 + Level 4.9 Long Blades
 + Level 1.8 Axes
 + Level 1.8 Maces & Flails
 + Level 1.8 Polearms
 + Level 1.8 Staves
 + Level 1.8 Slings
 + Level 1.8 Bows
 + Level 1.8 Crossbows
 + Level 1.8 Throwing
 + Level 1.8 Armour
 + Level 4.9 Dodging
 + Level 9.7 Stealth
 + Level 1.8 Shields
 + Level 1.8 Unarmed Combat
 + Level 1.8 Spellcasting
 + Level 1.4 Conjurations
 + Level 1.4 Hexes
 + Level 1.4 Summonings
 + Level 1.4 Necromancy
 + Level 1.4 Translocations
 + Level 1.4 Transmutations
 + Level 1.4 Fire Magic
 + Level 1.4 Ice Magic
 + Level 1.4 Air Magic
 + Level 1.4 Earth Magic
 + Level 1.4 Poison Magic
 + Level 2.0 Invocations
 + Level 1.8 Evocations


You had 8 spell levels left.
You didn't know any spells.
Your spell library was empty.

Dungeon Overview and Level Annotations

Branches:
Dungeon (5/15)
 Temple: D:4-7

Altars:
Ashenzari
Hepliaklqana


Innate Abilities, Weirdness & Mutations

You have very sharp teeth.
Your uncanny sense of smell can sniff out nearby items.
Your experience applies equally to all skills.


Message History

You hit the orc.
The orc is moderately wounded.
The orc priest calls upon Beogh to heal the orc.
The orc's wounds heal themselves!
The orc hits you with a +0 hand axe.
An orc wizard comes into view. It is wielding a +0 dagger.
You slash the orc!
You kill the orc!
The orc priest mumbles some strange prayers to Beogh against you.
Beogh smites you!
You are too injured to fight recklessly!
You are too injured to fight recklessly!
You are too injured to fight recklessly!
You are too injured to fight recklessly!
You are too injured to fight recklessly!
Unknown command.
An orc comes into view. It is wielding a +0 flail.
The orc moves out of view.
There is a stone staircase leading up here.
The ice beast closely misses you.
You climb upwards.
Found 12 gold pieces.
There is a stone staircase leading down here.
The ice beast hits you. The ice beast freezes you!
* * * LOW HITPOINT WARNING * * *
An adder comes into view.
The kobold shouts!
Okay, then.
Aiming: Dig
Press: ? - help, Shift-Dir - straight line, f - you Please select a direction to dig.
The rock shatters into small pieces.
A hound skeleton comes into view.
The adder hisses angrily.
The ice beast hits you.
* * * LOW HITPOINT WARNING * * *
The ice beast freezes you.
* * * LOW HITPOINT WARNING * * *
Unknown command.
You closely miss the ice beast. The hound skeleton bites you.
You die...

.......>........#
.J...........##
#.
##............#
...
############K#
#.# #.# #.#
#.#..# #.#.#
#YZ.# #@# #S# #.#
#.. ###


You could see an ice beast, an adder, a kobold and a hound skeleton.

Vanquished Creatures
  A necrophage (D:4)
  A scorpion (D:4)
  A howler monkey (D:5)
  2 hounds
  A dart slug (D:2)
  An orc (D:5)
  A bat (D:3)
  A giant cockroach (D:2)
  6 hobgoblins
  A quokka (D:5)
  5 ball pythons
  A rat (D:3)
22 creatures vanquished.

Notes
Turn   | Place    | Note
-------+----------+-------------------------------------------
     0 | D:5      | Reached skill level 9 in Stealth
     0 | D:5      | MordorOrchid the Gnoll Delver began the quest for the Orb.
     0 | D:5      | Reached XP level 1. HP: 23/23 MP: 1/1
    28 | D:5      | Noticed a hound
    49 | D:5      | Noticed an orc wizard
    52 | D:5      | Noticed a water moccasin zombie
    60 | D:4      | Noticed a necrophage
    60 | D:4      | Found a broken altar of Ashenzari.
    93 | D:4      | Killed a necrophage
    94 | D:4      | Reached skill level 1 in Short Blades
    94 | D:4      | Reached skill level 1 in Axes
    94 | D:4      | Reached skill level 1 in Maces & Flails
    94 | D:4      | Reached skill level 1 in Polearms
    94 | D:4      | Reached skill level 1 in Staves
    94 | D:4      | Reached skill level 1 in Slings
    94 | D:4      | Reached skill level 1 in Bows
    94 | D:4      | Reached skill level 1 in Crossbows
    94 | D:4      | Reached skill level 1 in Throwing
    94 | D:4      | Reached skill level 1 in Armour
    94 | D:4      | Reached skill level 1 in Shields
    94 | D:4      | Reached skill level 1 in Unarmed Combat
    94 | D:4      | Reached skill level 1 in Spellcasting
    94 | D:4      | Reached skill level 1 in Invocations
    94 | D:4      | Reached skill level 1 in Evocations
    94 | D:4      | Reached XP level 2. HP: 20/29 MP: 1/3
    94 | D:4      | Reached XP level 3. HP: 24/35 MP: 1/4
    94 | D:4      | Reached XP level 4. HP: 28/41 MP: 1/5
   186 | D:3      | Reached skill level 1 in Conjurations
   186 | D:3      | Reached skill level 1 in Hexes
   186 | D:3      | Reached skill level 1 in Summonings
   186 | D:3      | Reached skill level 1 in Necromancy
   186 | D:3      | Reached skill level 1 in Translocations
   186 | D:3      | Reached skill level 1 in Transmutations
   186 | D:3      | Reached skill level 1 in Fire Magic
   186 | D:3      | Reached skill level 1 in Ice Magic
   186 | D:3      | Reached skill level 1 in Air Magic
   186 | D:3      | Reached skill level 1 in Earth Magic
   186 | D:3      | Reached skill level 1 in Poison Magic
   391 | D:4      | Noticed a scorpion
   489 | D:4      | Reached XP level 5. HP: 38/47 MP: 5/7
   564 | D:4      | Found a hazy altar of Hepliaklqana.
   696 | D:4      | Noticed an ogre
   757 | D:5      | Reached XP level 6. HP: 35/53 MP: 8/8
   762 | D:5      | Noticed an ice beast
   786 | D:4      | HP: 2/53 [ice beast (5)]
   787 | D:4      | Slain by a hound skeleton

Illustrated notes

Levels and vault maps discovered:
D:2:      layout_basic
D:3:      layout_loops_ring
D:4:      layout_basic, kennysheep_vampire_church, cheibrodos_ashenzari_chains,
          mainiacjoe_overflow_paths
D:5:      layout_rooms

Skill      XL: |  1  2  3  4  5 |
---------------+----------------+-----
Stealth        | |  9.7
Short Blades   | 1 |  1.8
Axes           | 1 |  1.8
Maces & Flails | 1 |  1.8
Polearms       | 1 |  1.8
Staves         | 1 |  1.8
Slings         | 1 |  1.8
Bows           | 1 |  1.8
Crossbows      | 1 |  1.8
Throwing       | 1 |  1.8
Armour         | 1 |  1.8
Shields        | 1 |  1.8
Unarmed Combat | 1 |  1.8
Spellcasting   | 1 |  1.8
Invocations    | 1 2 |  2.0
Evocations     | 1 |  1.8
Conjurations   | 1 |  1.4
Hexes          | 1 |  1.4
Summonings     | 1 |  1.4
Necromancy     | 1 |  1.4
Translocations | 1 |  1.4
Transmutations | 1 |  1.4
Fire Magic     | 1 |  1.4
Ice Magic      | 1 |  1.4
Air Magic      | 1 |  1.4
Earth Magic    | 1 |  1.4
Poison Magic   | 1 |  1.4
Fighting       | |  6.8
Long Blades    | |  4.9
Dodging        | |  4.9

Action                   |  1- 3 |  4- 6 || total
-------------------------+-------+-------++-------
Melee: Falchion          |     9 |    70 ||    79
       Bite              |     3 |     6 ||     9
Evoke: Wand              |       |     1 ||     1
  Use: Potion            |     2 |     3 ||     5
 Stab: Sleeping          |       |     9 ||     9
Armor: Leather armour    |     1 |     9 ||    10
       Ring mail         |       |    10 ||    10
Dodge: Dodged            |     4 |    49 ||    53

Table legend: (Time is in decaauts)
 A = Elapsed time spent in this place.
 B = Non-inter-level travel time spent in this place.
 C = Inter-level travel time spent in this place.
 D = Time resting spent in this place.
 E = Time spent auto-exploring this place.
 F = Levels seen in this place.
 G = Mean time per level.
                   A        B        C        D        E       F      G
               +--------+--------+--------+--------+--------+-----+--------+
         Total |    773 |    758 |     15 |      0 |      0 |   4 |  193.2 |
       Dungeon |    773 |    758 |     15 |      0 |      0 |   4 |  193.2 |
               +--------+--------+--------+--------+--------+-----+--------+

Top non-repeatable levels by time:
     D:4: 520 daAuts
     D:5: 96 daAuts
     D:3: 92 daAuts
     D:2: 64 daAuts
